Map: Abyssal Reef LE

Players

Railgan

  • Race: Zerg Zerg
  • League: Grandmaster
  • Spawn Location: 5:00

starkiller - Winner!

  • Race: Zerg Zerg
  • League: Grandmaster
  • Spawn Location: 11:00

VOD

Have the link to the VOD?

Description

Time

  • Played on: March 19, 2017, 8:07 p.m.
  • Length: 4:34
Show
View Real Time Build Order
Export as new Build Order

Railgan Zerg 

Build Orders: Pool First 

Get SALT Encoding   

  12  0:01  Drone  
  13  0:13  Overlord  
  13  0:18  Drone  
  14  0:32  Drone x2  
  16  0:35  Drone  
  17  0:46  Spawning Pool  
  17  0:48  Drone  
  17  0:56  Drone  
  18  1:13  Extractor, Hatchery  
  18  1:17  Drone  
  17  1:20  Drone  
  18  1:33  Queen  
  18  1:37  Spine Crawler  
  18  1:39  Zergling x2  
  20  1:44  Drone  
  21  1:50  Drone  
  23  1:59  Baneling Nest  
  22  2:04  Overlord  
  22  2:21  Queen  
  24  2:23  Drone  
  24  2:24  Drone, Queen  
  24  2:27  Drone  
  29  2:35  Drone  
  30  2:39  Drone  
  30  2:42  Drone  
  30  2:43  Drone  
  32  2:48  Metabolic Boost  
  32  2:51  Zergling x4  
  33  2:57  Overlord  
  34  3:03  Drone x2  
  36  3:11  Baneling  
  36  3:16  Drone x2  
  38  3:21  Lair  
  38  3:22  Drone x2  
  38  3:25  Extractor  
  39  3:28  Zergling x2  
  39  3:30  Overlord  
  36  3:50  Zergling x6  
  36  3:51  Queen  
  36  3:54  Zergling x2  
  42  3:59  Drone x2  
  42  4:00  Zergling x4  
  44  4:11  Zergling x2  
  44  4:13  Zergling x4  
  44  4:14  Zergling x4  
Show
View Real Time Build Order
Export as new Build Order

starkiller Zerg - Winner!

Build Orders: Hatch First 

Get SALT Encoding   

  12  0:01  Drone  
  13  0:08  Drone  
  14  0:14  Extractor  
  14  0:15  Drone  
  15  0:23  Overlord  
  15  0:42  Drone x2  
  17  0:54  Hatchery  
  17  0:56  Drone  
  17  1:00  Drone  
  17  1:03  Extractor  
  17  1:07  Drone  
  18  1:20  Spawning Pool  
  17  1:26  Drone  
  17  1:28  Drone  
  19  1:38  Overlord  
  19  1:48  Drone  
  20  1:59  Drone  
  21  2:09  Queen x2  
  21  2:10  Metabolic Boost  
  21  2:12  Zergling x2  
  21  2:15  Zergling x2  
  27  2:18  Drone  
  27  2:21  Drone  
  29  2:30  Drone  
  30  2:38  Extractor  
  30  2:43  Drone  
  31  2:47  Zergling x4  
  31  2:50  Hatchery  
  32  2:52  Overlord  
  32  2:54  Zergling x2  
  33  3:00  Zergling x2  
  33  3:03  Overlord  
  34  3:11  Overlord  
  34  3:14  Zergling x2  
  34  3:17  Zergling x2  
  36  3:32  Zergling x4  
  36  3:33  Zergling x2  
  38  3:38  Zergling x8  
  41  3:48  Zergling x2  
  40  3:51  Zergling x2  
  40  3:56  Zergling x4  
  40  3:57  Zergling x2  
  40  3:58  Zergling x4  
  40  3:59  Zergling x4  
  47  4:03  Zergling x4  
Tags
 
Add a new tag
Caveats
  • Supply blocks, unpowered buildings, or Contaminate may cause inaccurate times.
  • Supply counts are checked every 10 seconds.